 Dungeon Crawl Stone Soup version 0.31.0-32-g396128a36d (webtiles) character file.

Game seed: 6109724551021134788

676 Ogmund the Chopper (level 7, 0/81 HPs)
             Began as a Human Berserker on Mar 29, 2024.
             Was a Priest of Trog.
             Slain by a killer bee (4 damage)
             ... on level 5 of the Dungeon.
             The game lasted 00:12:31 (2978 turns).

Ogmund the Chopper (Human Berserker)                Turns: 2978, Time: 00:12:32

Health: 0/81       AC:  8    Str: 17    XL:     7   Next: 59%
Magic:  0/7        EV: 10    Int: 10    God:    Trog [***...]
Gold:   156        SH:  0    Dex: 12    Spells: 6/6 levels left

rFire   . . .        a - +0 hand axe (freeze)
rCold   . . .        (no shield)
rNeg    . . .        f - +0 scale mail
rPois   .            m - +0 helmet
rElec   .            (no cloak)
rCorr   .            (no gloves)
SInv    .            (no boots)
Will    +....        d - amulet of guardian spirit Stlth
                     c - ring of willpower
HPRegen 0.33/turn    (no ring)
MPRegen 0.10/turn

%: guardian spirit
@: brilliant, berserking, lethally poisoned (0 -> -5), hasted, very quick
A: explore regen
a: Renounce Religion, Berserk, Trog's Hand


You were on level 5 of the Dungeon.
You worshipped Trog.
Trog was most pleased with you.
You visited 1 branch of the dungeon, and saw 5 of its levels.

You collected 156 gold pieces.

Inventory:

Hand Weapons
 a - a +0 hand axe of freezing (weapon)
 e - a +1 sling of freezing
Armour
 f - a +0 scale mail (worn)
 m - a +0 helmet (worn)
Jewellery
 c - a ring of willpower (left hand)
 d - an amulet of guardian spirit (around neck)
 i - an amulet of reflection
Wands
 g - a wand of polymorph (3)
Potions
 b - 2 potions of degeneration


   Skills:
 * Level 4.2 Fighting
 * Level 4.7 Axes
 * Level 3.9 Ranged Weapons
 * Level 3.4 Armour
 * Level 3.1 Dodging
 * Level 2.5 Stealth
 * Level 1.1 Evocations


You had 6 spell levels left.
You didn't know any spells.
Your spell library was empty.

Dungeon Overview and Level Annotations

Branches:
Dungeon (5/15)
 Temple: D:4-7

Altars:


Innate Abilities, Weirdness & Mutations

You regain HP and MP as you explore.


Message History

You feel clever all of a sudden.
You feel sick.
The killer bee stings you but does no damage.
The killer bee stings you.
* * * LOW HITPOINT WARNING * * *
You are lethally poisoned!
The killer bee poisons you!
It was a potion of haste.
You feel yourself speed up.
* * * LOW HITPOINT WARNING * * *
You feel very sick. The killer bee stings you.
* * * LOW HITPOINT WARNING * * *
You are more poisoned.
The killer bee poisons you! The killer bee stings you.
* * * LOW HITPOINT WARNING * * *
It was a potion of curing.
You feel better. The killer bee stings you.
* * * LOW HITPOINT WARNING * * *
Unknown command.
A red film seems to cover your vision as you go berserk!
You feel yourself moving faster!
You feel mighty!
The killer bee stings you but does no damage.
The killer bee closely misses you.
You miss the killer bee. The killer bee barely misses you.
You closely miss the killer bee. The killer bee stings you.
* * * LOW HITPOINT WARNING * * *
You hit the killer bee. You freeze the killer bee.
The killer bee is moderately wounded.
The killer bee misses you. The killer bee stings you!
* * * LOW HITPOINT WARNING * * *
You barely miss the killer bee.
The killer bee is moderately wounded.
The killer bee stings you.
* * * LOW HITPOINT WARNING * * *
You are lethally poisoned!
The killer bee poisons you!
You miss the killer bee.
The killer bee is moderately wounded.
* * * LOW HITPOINT WARNING * * *
You feel sick. The killer bee stings you.
You die...

#### #.. #.#
#@# #y########
##yy......#
#<#y.....##.#
##.#.........#
#........####.
#...#.#......
#.....###.....
#...### .....


You could see 4 killer bees.

Vanquished Creatures
  Sigmund (D:2)
  A bullfrog (D:4)
  A bombardier beetle (D:4)
  A hound (D:4)
  2 orc priests (D:3)
  Ijyb (D:3)
  Terence (D:2)
  3 iguanas (D:4)
  Natasha (thrice) (D:2)
  6 adders
  A ribbon worm (D:3)
  4 dart slugs
  8 orcs
  7 bats
  5 endoplasms
  3 giant cockroaches
  7 goblins
  4 hobgoblins
  5 quokkas
  9 ball pythons
  3 frilled lizards
  11 kobolds
  3 rats
90 creatures vanquished.

Notes
Turn   | Place    | Note
-------+----------+-------------------------------------------
     0 | D:1      | Ogmund the Human Berserker began the quest for the Orb.
     0 | D:1      | Reached XP level 1. HP: 18/18 MP: 1/1
   317 | D:1      | Reached XP level 2. HP: 23/24 MP: 2/2
   823 | D:2      | Reached XP level 3. HP: 29/29 MP: 3/3
   889 | D:2      | Noticed Natasha
   899 | D:2      | Killed Natasha
   900 | D:2      | Reached skill level 1 in Ranged Weapons
   900 | D:2      | Reached skill level 1 in Stealth
   900 | D:2      | Reached XP level 4. HP: 28/35 MP: 4/4
   902 | D:2      | Noticed Natasha
   906 | D:2      | Reached ** piety under Trog
   911 | D:2      | Killed Natasha
  1023 | D:2      | Noticed Natasha
  1040 | D:2      | Killed Natasha
  1269 | D:2      | Reached XP level 5. HP: 41/41 MP: 5/5
  1288 | D:2      | Noticed Sigmund
  1297 | D:2      | Killed Sigmund
  1298 | D:2      | Reached XP level 6. HP: 48/48 MP: 6/6
  1314 | D:2      | Noticed Terence
  1329 | D:2      | Killed Terence
  1599 | D:3      | Noticed Ijyb
  1620 | D:3      | Killed Ijyb
  2070 | D:3      | Reached XP level 7. HP: 32/54 MP: 4/7
  2590 | D:4      | Reached *** piety under Trog
  2608 | D:4      | Reached skill level 1 in Evocations
  2946 | D:5      | Entered Level 5 of the Dungeon
  2978 | D:5      | HP: 4/81 [poisoned by a killer bee]
  2978 | D:5      | Slain by a killer bee

Illustrated notes

Levels and vault maps discovered:
D:1:      minmay_arrival_plants_in_alcoves, layout_loops_ring
D:2:      layout_basic, st_stairs_13, uniq_natasha, uniq_terence, uniq_sigmund
D:3:      layout_loops_ring, uniq_ijyb
D:4:      layout_rooms, chequers_serial_rivers_small_b, lightli_corner_chamber
D:5:      layout_basic, nicolae_qazlal_general_emergency,
          mainiacjoe_overflow_concentric_impassable, gup_sewer_entry_bubbles

Skill      XL: |  1  2  3  4  5  6  7 |
---------------+----------------------+-----
Ranged Weapons | 1 2 3 |  3.9
Stealth        | 1 2 |  2.5
Axes           | 4 |  4.7
Armour         | 3 |  3.4
Fighting       | 4 |  4.2
Dodging        | 3 |  3.1
Evocations     | 1 |  1.1

Action                     |  1- 3 |  4- 6 |  7- 9 || total
---------------------------+-------+-------+-------++-------
  Melee: Hand axe          |    48 |   151 |    45 ||   244
         Punch             |       |     1 |       ||     1
   Fire: Shortbow          |    27 |       |       ||    27
         Sling             |       |    27 |    40 ||    67
 Invoke: Berserk           |     1 |     3 |     2 ||     6
    Use: Scroll            |     4 |     3 |     1 ||     8
         Potion            |       |     2 |     4 ||     6
 Armour: Animal skin       |    20 |       |       ||    20
         Scale mail        |    16 |   121 |    61 ||   198
         Skin              |       |    12 |       ||    12
  Dodge: Dodged            |    28 |   105 |    52 ||   185
